[Event "Titled Tuesday Blitz September 21 2021"]
[White "Garrido Outon, Alex"]
[Black "Warmerdam, Max"]
[WhiteFideId "24516279"]
[BlackFideId "1048104"]
[WhiteElo "2131"]
[BlackElo "2537"]
[Result "0-1"]
[Round "03"]
[TimeControl "180+1"]
[Date "2021.09.21"]
[WhiteClock "0:00:05"]
[BlackClock "0:00:32"]

1. e4 c5 2. Nf3 d6 3. Nc3 Nf6 4. e5 dxe5 5. Nxe5 Qd6 6. Nc4 Qc7 7. d4 cxd4 8. Qxd4 Nc6 9. Nb5 Qb8 10. Qf4 e5 11. Qd2 Be7 12. Ncd6+ Kf8 13. Bc4 a6 14. Nxc8 Qxc8 15. Nd6 Qg4 16. f3 Qd4 17. Nf5 Qxc4 18. Nxe7 Kxe7 19. Qg5 Nd4 20. Kf2 Qxc2+ 21. Kg3 Nf5+ 22. Kh3 h6 23. Qd2 Qxd2 24. Bxd2 Rhd8 25. Bb4+ Ke6 26. Rac1 Rac8 27. Ba5 Rxc1 28. Rxc1 Rd7 29. Rc8 Nd5 30. Re8+ Kf6 31. Bd8+ Kg6 32. Ba5 Nf4+ 0-1


[Site "https://www.chess.com"]

[Event "Titled Tuesday Blitz September 21 2021"]
[White "Gelman, Alexander"]
[Black "Zubov, Alexander"]
[WhiteFideId "4118316"]
[BlackFideId "14109409"]
[WhiteElo "2375"]
[BlackElo "2740"]
[Result "1-0"]
[Round "03"]
[TimeControl "180+1"]
[Date "2021.09.21"]
[WhiteClock "0:00:45"]
[BlackClock "0:00:20"]

1. d4 Nf6 2. Nc3 d5 3. Bf4 c5 4. e3 cxd4 5. exd4 Bg4 6. f3 Bd7 7. Qd2 Nc6 8. g4 Rc8 9. h4 e6 10. h5 h6 11. Nge2 Na5 12. Ng3 Nc4 13. Bxc4 Rxc4 14. g5 hxg5 15. Bxg5 Qb6 16. O-O-O Be7 17. Kb1 Bb4 18. Nge2 Nxh5 19. Qe3 Qc6 20. a3 Bxc3 21. Nxc3 g6 22. Bh4 Rxc3 23. bxc3 Qd6 24. Qg5 Kf8 25. Qd8+ Kg7 26. Bf6+ Nxf6 27. Qxh8# 1-0


[Site "https://www.chess.com"]

[Event "Titled Tuesday Blitz September 21 2021"]
[White "Ghimpu, Samuel-Timotei"]
[Black "Holt, Conrad"]
[WhiteFideId "1238175"]
[BlackFideId "2034387"]
[WhiteElo "2012"]
[BlackElo "2586"]
[Result "0-1"]
[Round "03"]
[TimeControl "180+1"]
[Date "2021.09.21"]
[WhiteClock "0:00:40"]
[BlackClock "0:01:26"]

1. b3 d5 2. Bb2 Bg4 3. f3 Bd7 4. f4 Nf6 5. Nf3 e6 6. e3 Bd6 7. Be2 c5 8. O-O Nc6 9. Qe1 O-O 10. d3 d4 11. Nbd2 dxe3 12. Nc4 Bxf4 13. Qh4 Nd5 14. Qg4 e5 15. Qh5 g6 16. Qh4 Nd4 17. Bxd4 Qxh4 18. Nxh4 exd4 19. Bf3 Nc3 20. Bxb7 Rab8 21. Bf3 g5 22. g3 Bxg3 23. hxg3 gxh4 24. gxh4 Kh8 25. Kh2 Rbe8 26. Bh5 e2 27. Rg1 Re6 28. Bg4 f5 29. Bf3 Bb5 30. Nd2 Rfe8 31. Rae1 Nxa2 32. Rg5 Nb4 0-1


[Site "https://www.chess.com"]

[Event "Titled Tuesday Blitz September 21 2021"]
[White "Goltsev, Dmitry"]
[Black "Assaubayeva, Bibisara"]
[WhiteFideId "24176710"]
[BlackFideId "13708694"]
[WhiteElo "2334"]
[BlackElo "2232"]
[Result "1-0"]
[Round "03"]
[TimeControl "180+1"]
[Date "2021.09.21"]
[WhiteClock "0:00:34"]
[BlackClock "0:00:17"]

1. e4 c5 2. Nf3 d6 3. d4 cxd4 4. Nxd4 Nf6 5. Nc3 a6 6. a4 e5 7. Nb3 Be7 8. Be2 O-O 9. Be3 Nc6 10. O-O Be6 11. f4 Nb4 12. f5 Bxb3 13. cxb3 d5 14. exd5 Nfxd5 15. Bf2 Bg5 16. Bf3 Ne3 17. Bxe3 Bxe3+ 18. Kh1 Qh4 19. g3 Qh6 20. Qe2 Rad8 21. Rad1 b6 22. f6 gxf6 23. Bg4 Rd4 24. Rxd4 exd4 25. Ne4 d3 26. Qf3 Bd4 27. Nd6 Qe3 28. Qg2 Qg5 29. Nf5 Kh8 30. Rf4 Re8 31. h4 Re1+ 32. Kh2 Bg1+ 33. Qxg1 Rxg1 34. hxg5 Rb1 35. Rxb4 Rxb2+ 36. Kh3 1-0


[Site "https://www.chess.com"]

[Event "Titled Tuesday Blitz September 21 2021"]
[White "Gorin, Leonid"]
[Black "Vusatiuk, Vladimir"]
[WhiteFideId "4131991"]
[BlackFideId "14118610"]
[WhiteElo "2363"]
[BlackElo "2167"]
[Result "1-0"]
[Round "03"]
[TimeControl "180+1"]
[Date "2021.09.21"]
[WhiteClock "0:00:09"]
[BlackClock "0:00:16"]

1. e4 e6 2. d4 d5 3. Nd2 c5 4. dxc5 Bxc5 5. Bd3 Nf6 6. Qe2 Nc6 7. Ngf3 e5 8. exd5 Qxd5 9. Ne4 Be7 10. O-O Bg4 11. c3 Rd8 12. Nxf6+ Bxf6 13. Be4 Qe6 14. h3 Bh5 15. Re1 O-O 16. Qc2 Bg6 17. Be3 Rd7 18. Bxg6 hxg6 19. Qe4 Rfd8 20. g4 Qd5 21. Qxd5 Rxd5 22. Re2 b5 23. Rd2 a5 24. Rxd5 Rxd5 25. Kf1 b4 26. c4 Rd7 27. Rb1 e4 28. Nd2 Bd4 29. Ke2 f5 30. b3 Ne5 31. Bf4 Nd3 32. Be3 Bc3 33. f3 f4 34. Nxe4 fxe3 35. Kxe3 Be5 36. Rd1 Bf4+ 37. Ke2 Nc1+ 38. Ke1 Rxd1+ 39. Kxd1 Nxa2 40. Kc2 Nc3 41. Nc5 Kf7 42. Kd3 g5 43. Nb7 Bc7 44. Nc5 Kf6 45. Na6 Bb6 46. c5 Ba7 47. c6 Ke6 48. Nc7+ Kd6 49. Ne8+ Kxc6 50. Nxg7 Bb8 51. Nf5 Bf4 52. h4 gxh4 53. Nxh4 Kb5 54. Ng2 Bc1 55. Kc2 Bh6 56. f4 a4 57. g5 Bg7 58. f5 a3 59. f6 a2 60. Kb2 Bf8 61. g6 Nd1+ 62. Kxa2 Nc3+ 63. Ka1 Bc5 64. g7 Bd4 65. g8=Q Ne2+ 66. Kb1 Nc3+ 67. Kc2 Nd5 68. Qf8 Bc5 69. Qe8+ Kb6 70. f7 Nc7 71. Qe5 Nb5 72. Qf6+ Ka5 73. f8=Q Na3+ 74. Kd3 Bxf8 75. Qxf8 Nb5 76. Qc5 Ka6 77. Qxb5+ Kxb5 78. Ne3 Kc5 79. Nc2 Kb5 80. Kd4 Ka5 81. Kc4 Ka6 82. Nxb4+ Kb6 83. Nd5+ Ka5 84. b4+ Ka6 85. b5+ Ka5 86. Kc5 Ka4 87. b6 Ka5 88. b7 Ka6 89. b8=Q Ka5 90. Qb5# 1-0


[Site "https://www.chess.com"]

[Event "Titled Tuesday Blitz September 21 2021"]
[White "Hambleton, Aman"]
[Black "Avramidou, Anastasia"]
[WhiteFideId "2606577"]
[BlackFideId "4239873"]
[WhiteElo "2552"]
[BlackElo "2183"]
[Result "1-0"]
[Round "03"]
[TimeControl "180+1"]
[Date "2021.09.21"]
[WhiteClock "0:00:24"]
[BlackClock "0:00:01"]

1. d4 Nf6 2. c4 e6 3. Nc3 d5 4. cxd5 exd5 5. Bg5 Be7 6. e3 c6 7. Bd3 Be6 8. Nge2 O-O 9. O-O Nbd7 10. f3 h6 11. Bh4 Re8 12. Bf2 Nf8 13. h3 Rc8 14. e4 dxe4 15. fxe4 c5 16. d5 c4 17. Bc2 Bd7 18. d6 Bc6 19. dxe7 Qxe7 20. Ng3 Qe5 21. Qd4 Qg5 22. Qe3 Qe5 23. Qc5 Qf4 24. Nh5 Nxh5 25. Qxh5 Qd2 26. Qe2 Qxe2 27. Nxe2 Bxe4 28. Bxe4 Rxe4 29. Nc3 Re5 30. Bxa7 b5 31. a3 Ne6 32. Rae1 Rg5 33. Be3 Re5 34. Bd2 Rh5 35. Ne4 Rb8 36. Bc3 Rd5 37. Re2 Rd3 38. Rf5 Re8 39. Nc5 Kh7 40. Nxd3 1-0


[Site "https://www.chess.com"]

[Event "Titled Tuesday Blitz September 21 2021"]
[White "Hampel, Felix"]
[Black "Levitskiy, Andrey"]
[WhiteFideId "24668125"]
[BlackFideId "14132885"]
[WhiteElo "2288"]
[BlackElo "2340"]
[Result "0-1"]
[Round "03"]
[TimeControl "180+1"]
[Date "2021.09.21"]
[WhiteClock "0:00:01"]
[BlackClock "0:00:40"]

1. c4 e5 2. Nc3 Bb4 3. Nd5 Be7 4. d4 exd4 5. Qxd4 Nf6 6. Nxe7 Qxe7 7. Nf3 Nc6 8. Qe3 d6 9. Qxe7+ Kxe7 10. e3 Bg4 11. Nd4 Kd7 12. Nxc6 Kxc6 13. b3 Nd7 14. Bb2 f6 15. f3 Bh5 16. Kf2 a5 17. Be2 Nc5 18. Rhd1 Rhe8 19. g4 Bg6 20. h4 h6 21. Rd2 Re7 22. Bd4 Rae8 23. g5 hxg5 24. hxg5 fxg5 25. Rg1 Ne6 26. Bb2 Bh5 27. Rc2 Rf8 28. Rg3 Ref7 29. a3 b6 30. b4 Kd7 31. Rd2 axb4 32. axb4 Bxf3 33. Bxf3 g4 34. Rxg4 Rxf3+ 35. Ke2 Rf2+ 36. Kd3 Rxd2+ 37. Kxd2 Rf2+ 38. Kc3 g5 39. Bc1 Rf1 40. Bd2 Rf3 41. Kd3 Ke7 42. Ke4 Rh3 43. Kd5 Kd7 0-1


[Site "https://www.chess.com"]

[Event "Titled Tuesday Blitz September 21 2021"]
[White "Harshavardhan G B"]
[Black "Grandelius, Nils"]
[WhiteFideId "25059009"]
[BlackFideId "1710400"]
[WhiteElo "1825"]
[BlackElo "2651"]
[Result "1-0"]
[Round "03"]
[TimeControl "180+1"]
[Date "2021.09.21"]
[WhiteClock "0:00:07"]
[BlackClock "0:00:02"]

1. d4 d5 2. c4 e6 3. Nc3 c5 4. cxd5 exd5 5. Nf3 Nf6 6. g3 Nc6 7. Bg2 cxd4 8. Nxd4 Bc5 9. Nb3 Bb6 10. O-O d4 11. Na4 O-O 12. Nxb6 axb6 13. Bxc6 bxc6 14. Qxd4 Qc7 15. Bf4 Qb7 16. Be5 Bh3 17. Qh4 Bxf1 18. Bxf6 gxf6 19. Rxf1 Rfe8 20. Nd4 Re5 21. Qxf6 Qe7 22. Qxc6 Rxa2 23. Qc8+ Qf8 24. Qg4+ Qg7 25. Qc8+ Qf8 26. Qg4+ Qg7 27. Qf4 Rxb2 28. Rc1 Rc5 29. Ra1 Ra5 30. Rc1 Rc5 31. Rxc5 bxc5 32. Nf5 Qf6 33. Nh6+ Kg7 34. Nf5+ Kf8 35. e4 c4 36. Qc7 Qe6 37. Qd8+ Qe8 38. Qd6+ Kg8 39. Qd4 Rb1+ 40. Kg2 Qf8 41. Qf6 h5 42. Nh6+ Kh7 43. Nf5 Rb5 44. Qg5 Rxf5 45. Qxf5+ Kg8 46. Qg5+ Kh8 47. Qxh5+ Kg8 48. Qg5+ Kh8 49. Qe5+ Kg8 50. Qc7 Qb4 51. e5 c3 52. Qd8+ Kg7 53. Qc7 Qe4+ 54. Kh3 c2 55. f4 Qf5+ 56. Kg2 Qe4+ 57. Kh3 Qe2 58. g4 Qd1 59. e6 Qf3+ 60. Kh4 Qf2+ 61. Kg5 Qd2 62. Qxf7+ Kh8 63. e7 1-0


[Site "https://www.chess.com"]

[Event "Titled Tuesday Blitz September 21 2021"]
[White "Horobetz, Graham"]
[Black "Wachinger, Guenther"]
[WhiteFideId "2047322"]
[BlackFideId "4604261"]
[WhiteElo "2621"]
[BlackElo "2212"]
[Result "0-1"]
[Round "03"]
[TimeControl "180+1"]
[Date "2021.09.21"]
[WhiteClock "0:01:09"]
[BlackClock "0:01:47"]

1. e4 c5 2. Nf3 d6 3. d4 cxd4 4. Nxd4 Nf6 5. Nc3 g6 6. Be3 Bg7 7. f3 O-O 8. Qd2 Nc6 9. O-O-O d5 10. exd5 Nxd5 11. Nxc6 bxc6 12. Bd4 Bxd4 13. Qxd4 Qb6 14. Qxb6 axb6 15. Nxd5 cxd5 16. a3 e6 17. Rd4 Bb7 18. f4 f6 19. Bb5 e5 20. fxe5 fxe5 21. Rd2 Kf7 22. Re1 Ke6 23. Rde2 e4 24. c4 d4 25. Rxe4+ Bxe4 26. Rxe4+ Kf5 27. Rxd4 Rfd8 28. Rh4 h5 29. Rh3 Rd4 30. Kc2 Rad8 31. Kc3 Rd2 32. Rg3 h4 33. Rf3+ Kg5 34. g3 h3 35. b4 Rxh2 36. c5 bxc5 37. bxc5 Ra2 38. Kb3 Rdd2 39. Rf8 Rdc2 40. Bd7 Rab2+ 41. Ka4 Rc4+ 42. Ka5 Rxc5+ 43. Ka4 h2 44. Rh8 Rc1 0-1


[Site "https://www.chess.com"]

[Event "Titled Tuesday Blitz September 21 2021"]
[White "Ider, Borya"]
[Black "Al-Tarboush, Ward"]
[WhiteFideId "4901134"]
[BlackFideId "7601450"]
[WhiteElo "2512"]
[BlackElo "2319"]
[Result "1/2-1/2"]
[Round "03"]
[TimeControl "180+1"]
[Date "2021.09.21"]
[WhiteClock "0:00:10"]
[BlackClock "0:00:07"]

1. Nf3 b6 2. g3 Bb7 3. Bg2 Nf6 4. d4 e6 5. O-O Be7 6. c4 O-O 7. d5 exd5 8. Nh4 c6 9. cxd5 Nxd5 10. Nf5 d6 11. e4 Nf6 12. Nc3 Re8 13. Bf4 d5 14. Nxe7+ Qxe7 15. exd5 cxd5 16. Nb5 Na6 17. Nd6 Red8 18. Re1 Qd7 19. Rc1 Nc5 20. Nxb7 Qxb7 21. Be5 Nfe4 22. f3 Nd6 23. Qe2 f6 24. Bd4 Re8 25. Qc2 Ne6 26. Bf2 Rac8 27. Qd3 Nc5 28. Bxc5 bxc5 29. f4 Ne4 30. Rcd1 Rcd8 31. Bxe4 dxe4 32. Qc4+ Qf7 33. Rxd8 Rxd8 34. Qxc5 Qxa2 35. Qe7 Rb8 36. Rd1 h6 37. Rd7 Qb1+ 38. Kg2 Qxb2+ 39. Kh3 f5 40. Qe6+ Kh8 41. Qxf5 Re8 42. Qg6 Rf8 43. Qxe4 Qb6 44. Qe7 Qf6 45. Rxa7 Qxe7 46. Rxe7 Ra8 47. Kg4 Kh7 48. h3 Ra5 49. Kh4 Rb5 50. g4 Rc5 51. f5 Rc6 52. Kh5 Rd6 53. h4 Rd5 54. Rb7 Rd6 55. g5 hxg5 56. hxg5 Kg8 57. g6 Kf8 58. Kg5 Rd1 59. Rb8+ Ke7 60. Rb7+ Kf8 61. Rb4 Rg1+ 62. Kf4 Rf1+ 63. Ke5 Re1+ 64. Kd5 Ke7 65. Rb7+ Kf8 66. Rb4 Ke7 67. Re4+ Rxe4 68. Kxe4 Kf6 69. Kf4 Ke7 70. Ke5 Ke8 71. Ke6 Kf8 72. f6 Kg8 73. Ke7 gxf6 74. Kxf6 Kf8 75. Kf5 Kg7 76. Kg5 Kg8 77. Kf6 Kf8 78. Kf5 Kg7 79. Kg5 Kg8 80. Kh6 Kh8 81. g7+ Kg8 82. Kg6 1/2-1/2


[Site "https://www.chess.com"]

[Event "Titled Tuesday Blitz September 21 2021"]
[White "Iskusnyh, Sergei"]
[Black "Svane, Rasmus"]
[WhiteFideId "4120027"]
[BlackFideId "4657101"]
[WhiteElo "2492"]
[BlackElo "2643"]
[Result "0-1"]
[Round "03"]
[TimeControl "180+1"]
[Date "2021.09.21"]
[WhiteClock "0:00:03"]
[BlackClock "0:00:13"]

1. d4 Nf6 2. c4 e6 3. g3 d5 4. Nf3 dxc4 5. Bg2 Bb4+ 6. Bd2 a5 7. Qc2 b6 8. a3 Be7 9. Qxc4 O-O 10. Nc3 Bb7 11. O-O Nbd7 12. Rfd1 c5 13. Be3 Nd5 14. Nxd5 Bxd5 15. Qb5 Rc8 16. dxc5 Bxc5 17. Bxc5 Rxc5 18. Qa4 Qc7 19. b4 axb4 20. axb4 Rc3 21. Nd4 Bxg2 22. Kxg2 Rc4 23. Qa7 Qxa7 24. Rxa7 Nf6 25. b5 h5 26. Nc6 Rc5 27. Rb7 Rxb5 28. Rd6 Rb2 29. Kf1 Nd5 30. Ne7+ Nxe7 31. Rxe7 g6 32. Rb7 Rc8 33. Rdxb6 Rc1+ 34. Kg2 Rxe2 35. Rb2 Re5 36. h4 Rf5 37. Rd2 Rc8 38. Re2 Kg7 39. Rxe6 Rc2 40. Ree7 Rfxf2+ 41. Kg1 Rf3 42. Ra7 Rxg3+ 43. Kf1 Rf3+ 44. Kg1 Rf4 45. Rab7 Rf5 46. Ra7 Rc4 47. Kg2 Rg4+ 48. Kh3 Rf3+ 49. Kh2 Rxh4+ 50. Kg2 Rf5 51. Red7 Rg4+ 52. Kh3 Re4 53. Kg3 Re3+ 54. Kg2 h4 55. Ra2 g5 56. Rd4 Kg6 57. Rd6+ f6 58. Rd4 Kh5 0-1


[Site "https://www.chess.com"]

[Event "Titled Tuesday Blitz September 21 2021"]
[White "Jodorcovsky Werjivker, Paulo"]
[Black "Karacsonyi, Gellert"]
[WhiteFideId "3700305"]
[BlackFideId "764620"]
[WhiteElo "2142"]
[BlackElo "2215"]
[Result "0-1"]
[Round "03"]
[TimeControl "180+1"]
[Date "2021.09.21"]
[WhiteClock "0:01:58"]
[BlackClock "0:01:55"]

1. e4 c5 2. Nc3 Nc6 3. Bb5 Nd4 4. Bc4 g6 5. Nge2 Bg7 6. O-O Nh6 7. d3 O-O 8. Be3 Ng4 9. Bxd4 cxd4 10. h3 dxc3 11. hxg4 cxb2 12. Rb1 d6 13. Ng3 Be6 14. Bxe6 fxe6 15. d4 Qb6 16. c3 Rac8 17. Qd2 Qa5 18. Rxb2 Qxc3 19. Qxc3 Rxc3 20. Rxb7 Rxg3 21. f3 Rxg4 22. fxg4 Bxd4+ 23. Kh2 Rxf1 24. Rxe7 Be5+ 25. g3 Rf2+ 26. Kg1 Rxa2 27. Rxe6 Kf7 0-1


[Site "https://www.chess.com"]

[Event "Titled Tuesday Blitz September 21 2021"]
[White "Kabanov, Nikolai"]
[Black "Pinheiro, Iung Alicio de O."]
[WhiteFideId "4127820"]
[BlackFideId "2104350"]
[WhiteElo "2303"]
[BlackElo "2610"]
[Result "0-1"]
[Round "03"]
[TimeControl "180+1"]
[Date "2021.09.21"]
[WhiteClock "0:00:03"]
[BlackClock "0:00:20"]

1. e4 c6 2. d4 d5 3. e5 Bf5 4. h4 h6 5. g4 Bd7 6. f4 h5 7. f5 hxg4 8. e6 fxe6 9. Qxg4 Qc8 10. Qg6+ Kd8 11. Nf3 exf5 12. Ne5 Be8 13. Qg3 Nd7 14. Bd3 Nxe5 15. Qxe5 Bd7 16. Bg5 Nf6 17. Nd2 Qc7 18. Nf3 Ng4 19. Qxc7+ Kxc7 20. Kd2 e6 21. Rae1 Bd6 22. c3 g6 23. Rhf1 Rae8 24. Kc2 Rhf8 25. b4 b6 26. a4 c5 27. bxc5 bxc5 28. dxc5 Bxc5 29. Bf4+ Bd6 30. Ne5 Bxa4+ 31. Kd2 Nxe5 32. Bxe5 Bxe5 33. Rxe5 Kd6 34. Ree1 Bc6 35. Ra1 Ra8 36. Rg1 Rg8 37. Be2 a5 38. Ra3 a4 39. c4 dxc4 40. Bxc4 Bd5 41. Bxd5 Kxd5 42. Rga1 Rgb8 43. Re1 Rb3 44. Ra2 e5 45. Rc2 a3 46. Ra1 e4 47. Rc3 Rxc3 48. Kxc3 a2 49. Kd2 Kd4 50. Ke2 e3 51. Ke1 Kd3 52. Kd1 f4 53. Ke1 f3 54. Rd1+ Ke4 55. Ra1 Ra3 56. Kf1 Rb3 57. h5 Rb1+ 0-1


[Site "https://www.chess.com"]

[Event "Titled Tuesday Blitz September 21 2021"]
[White "Kamsky, Gata"]
[Black "Djordjevic, Vuk"]
[WhiteFideId "2000024"]
[BlackFideId "902098"]
[WhiteElo "2603"]
[BlackElo "2463"]
[Result "1-0"]
[Round "03"]
[TimeControl "180+1"]
[Date "2021.09.21"]
[WhiteClock "0:00:25"]
[BlackClock "0:01:18"]

1. e4 e6 2. d4 d5 3. Nc3 Bb4 4. e5 c5 5. a3 Bxc3+ 6. bxc3 Ne7 7. Qg4 Qc7 8. Qxg7 Rg8 9. Qxh7 cxd4 10. Ne2 Nbc6 11. f4 Bd7 12. Qd3 dxc3 13. Nxc3 a6 14. Ne2 Na5 15. Nd4 Nc4 16. g3 Nc6 17. Be2 Qa5+ 18. c3 Rc8 19. O-O Nxd4 20. cxd4 Nb6 21. Bd2 Qa4 22. Bd1 Qc4 23. Qe3 Qc7 24. Be2 Nc4 25. Bxc4 dxc4 26. Bb4 a5 27. Bd6 Qc6 28. f5 exf5 29. Qh6 Qd5 30. Qh4 Qe6 31. d5 1-0


[Site "https://www.chess.com"]

[Event "Titled Tuesday Blitz September 21 2021"]
[White "Karttunen, Mika"]
[Black "Gubanov, Oleg"]
[WhiteFideId "502081"]
[BlackFideId "14115115"]
[WhiteElo "2343"]
[BlackElo "2128"]
[Result "0-1"]
[Round "03"]
[TimeControl "180+1"]
[Date "2021.09.21"]
[WhiteClock "0:00:17"]
[BlackClock "0:00:21"]

1. d4 b5 2. Nf3 Bb7 3. e3 a6 4. a4 b4 5. a5 e6 6. Nbd2 Nf6 7. Nc4 d5 8. Nce5 Bd6 9. c4 bxc3 10. bxc3 O-O 11. Qb3 Ra7 12. Ba3 Nbd7 13. Bxd6 cxd6 14. Nd3 Qc7 15. Nd2 Rc8 16. Ra3 Bc6 17. Nb4 Bb5 18. Bxb5 axb5 19. Qa2 Rca8 20. a6 Nb6 21. O-O Na4 22. Rc1 Nd7 23. e4 dxe4 24. d5 Ndc5 25. dxe6 fxe6 26. Nxe4 d5 27. Nxc5 Nxc5 28. Re1 Qd6 29. Qe2 Nxa6 30. Qxe6+ Qxe6 31. Rxe6 Nxb4 32. Rxa7 Rxa7 33. h4 Na2 34. Rc6 Ra3 35. Rc5 Nxc3 36. h5 h6 37. g4 b4 38. Kg2 d4 39. f4 b3 40. g5 hxg5 41. fxg5 b2 42. g6 Ra8 0-1


[Site "https://www.chess.com"]

[Event "Titled Tuesday Blitz September 21 2021"]
[White "Khanin, Semen"]
[Black "Kislov, Oleg"]
[WhiteFideId "4111990"]
[BlackFideId "13503774"]
[WhiteElo "2449"]
[BlackElo "2252"]
[Result "1/2-1/2"]
[Round "03"]
[TimeControl "180+1"]
[Date "2021.09.21"]
[WhiteClock "0:00:02"]
[BlackClock "0:00:04"]

1. e4 e6 2. d4 d5 3. e5 c5 4. c3 Qb6 5. Nf3 Nc6 6. Na3 cxd4 7. cxd4 Bb4+ 8. Bd2 Nge7 9. Nb5 Nf5 10. Bxb4 Nxb4 11. a3 Nc6 12. g4 a6 13. gxf5 axb5 14. fxe6 Bxe6 15. Be2 Bg4 16. Rg1 Bxf3 17. Bxf3 Qxd4 18. Bxd5 Qxe5+ 19. Qe2 Qxe2+ 20. Kxe2 O-O 21. Rac1 Rfe8+ 22. Kf1 Rac8 23. Rg3 Re5 24. Bg2 g6 25. Rgc3 Re6 26. Rc5 Rd8 27. Rxb5 Rd2 28. Rxb7 Nd4 29. Re1 Rf6 30. Kg1 Rfxf2 31. Bd5 Rxb2 32. Rxb2 Rxb2 33. a4 Kg7 34. Ra1 Ne2+ 35. Kf1 Nc3 36. Bg2 Ra2 37. Rxa2 Nxa2 38. a5 Nb4 39. Ke2 Kf6 40. Kd2 Ke5 41. Kc3 Na6 42. Kc4 Kd6 43. Kb5 Nc7+ 44. Kb6 f5 45. h4 h6 46. Bh3 f4 47. Bg4 g5 48. hxg5 hxg5 49. Bf3 Kd7 50. Bg4+ Kd6 51. Bf3 Kd7 52. Kb7 Kd6 53. Be2 Kd7 54. Bf3 Kd6 55. Kb6 1/2-1/2


[Site "https://www.chess.com"]

[Event "Titled Tuesday Blitz September 21 2021"]
[White "Kobalia, Mikhail"]
[Black "Richter, Nils"]
[WhiteFideId "4119150"]
[BlackFideId "12990809"]
[WhiteElo "2626"]
[BlackElo "2289"]
[Result "1-0"]
[Round "03"]
[TimeControl "180+1"]
[Date "2021.09.21"]
[WhiteClock "0:00:31"]
[BlackClock "0:00:07"]

1. e4 e6 2. d3 d5 3. Nd2 c5 4. Ngf3 Nc6 5. g3 Bd6 6. Bg2 Nge7 7. O-O O-O 8. Re1 Qc7 9. c3 b6 10. Qe2 f6 11. h4 Bd7 12. h5 Rae8 13. h6 g6 14. Nf1 Kh8 15. a3 a5 16. a4 Ng8 17. Bd2 Rf7 18. N1h2 Bf8 19. Ng4 dxe4 20. dxe4 e5 21. Nfh2 f5 22. exf5 gxf5 23. Ne3 Bxh6 24. Nd5 Qd8 25. Qh5 Bxd2 26. Red1 Be6 27. Rxd2 Rd7 28. Rad1 Rf8 29. Nf1 Nce7 30. Nfe3 Nxd5 31. Bxd5 Bxd5 32. Rxd5 Rxd5 33. Rxd5 Qf6 34. Nc4 e4 35. Rd6 Qg7 36. Nxb6 f4 37. Rd7 Ne7 38. g4 Rg8 39. Kf1 e3 40. Nd5 f3 41. Rxe7 e2+ 42. Ke1 Qxg4 43. Qxh7# 1-0


[Site "https://www.chess.com"]

[Event "Titled Tuesday Blitz September 21 2021"]
[White "Kollars, Dmitrij"]
[Black "Krysa, Leandro"]
[WhiteFideId "12909572"]
[BlackFideId "116807"]
[WhiteElo "2584"]
[BlackElo "2490"]
[Result "1-0"]
[Round "03"]
[TimeControl "180+1"]
[Date "2021.09.21"]
[WhiteClock "0:00:41"]
[BlackClock "0:00:02"]

1. d4 Nf6 2. Nf3 e6 3. Bg5 c5 4. d5 exd5 5. Nc3 d4 6. Bxf6 Qxf6 7. Nd5 Qd6 8. e4 Nc6 9. Bc4 g6 10. O-O Bg7 11. c3 O-O 12. Re1 b6 13. cxd4 cxd4 14. a3 Bb7 15. b4 Rac8 16. Bb3 Rfe8 17. h3 d3 18. Ra2 Ne5 19. Nxe5 Qxe5 20. Qxd3 Bxd5 21. Bxd5 Rc3 22. Qa6 h5 23. Rd1 Qf4 24. g3 Rxg3+ 25. fxg3 Qxg3+ 26. Rg2 Qe3+ 27. Rf2 Qg3+ 28. Kf1 Qxh3+ 29. Ke2 Qg4+ 30. Kd2 Bc3+ 31. Kc2 Kh8 32. Qe2 Qg5 33. Kxc3 Qe5+ 34. Kb3 Rc8 35. Qb2 1-0


[Site "https://www.chess.com"]

[Event "Titled Tuesday Blitz September 21 2021"]
[White "Korchmar, Vasiliy"]
[Black "Moskalenko, Alexander"]
[WhiteFideId "24131750"]
[BlackFideId "4155351"]
[WhiteElo "2370"]
[BlackElo "2515"]
[Result "0-1"]
[Round "03"]
[TimeControl "180+1"]
[Date "2021.09.21"]
[WhiteClock "0:00:01"]
[BlackClock "0:01:13"]

1. e4 e5 2. Nf3 Nc6 3. Nc3 Nf6 4. Bb5 Nd4 5. O-O Nxb5 6. Nxb5 c6 7. Nc3 d6 8. d4 Qc7 9. a4 Be7 10. h3 O-O 11. Re1 Re8 12. Bg5 h6 13. Bh4 Nd7 14. Bxe7 Rxe7 15. Ne2 exd4 16. Nexd4 Nc5 17. Nd2 a5 18. Qf3 Bd7 19. N2b3 Nxb3 20. Nxb3 Rae8 21. Re3 d5 22. Rae1 Be6 23. Nd4 dxe4 24. Nxe6 Rxe6 25. Rxe4 Qd6 26. Rxe6 Rxe6 27. Rxe6 Qxe6 28. Qf4 Kh7 29. b3 b5 30. h4 Qd5 31. Kh2 g5 32. hxg5 hxg5 33. Qf6 bxa4 34. bxa4 Kg8 35. g3 Qc5 36. c3 Kf8 37. Kg1 Qd5 38. Kh2 Ke8 39. Kg1 Kd7 40. Kh2 Kc7 41. Kh3 Kb6 42. Kg4 Qd1+ 43. Kxg5 Qxa4 44. Qxf7 Qb5+ 45. Kg6 a4 46. Qf8 Qd3+ 47. Kg5 Qd2+ 48. f4 Qxc3 0-1


[Site "https://www.chess.com"]

[Event "Titled Tuesday Blitz September 21 2021"]
[White "Kovalchuk94"]
[Black "Bortnyk, Olexandr"]
[BlackFideId "14120828"]
[WhiteElo "2689"]
[BlackElo "2723"]
[Result "0-1"]
[Round "03"]
[TimeControl "180+1"]
[Date "2021.09.21"]
[WhiteClock "0:00:26"]
[BlackClock "0:02:03"]

1. d4 Nf6 2. c4 d6 3. Nf3 g6 4. Nc3 Bf5 5. Qb3 Qc8 6. g3 Bg7 7. Nh4 Bd7 8. Bg2 Nc6 9. e3 O-O 10. O-O e5 11. d5 Ne7 12. e4 Bh3 13. f3 Bd7 14. Be3 h6 15. Bh1 g5 16. Ng2 b6 17. Qc2 Bh3 18. b4 a5 19. a3 Nh5 20. Bd2 f5 21. Qd3 f4 22. g4 Nf6 23. c5 axb4 24. axb4 Rxa1 25. Rxa1 bxc5 26. bxc5 Nxg4 27. fxg4 f3 28. Rf1 Qxg4 29. Rf2 Ng6 30. Nd1 fxg2 31. Rxf8+ Bxf8 0-1


[Site "https://www.chess.com"]

[Event "Titled Tuesday Blitz September 21 2021"]
[White "Kovalev, Vladislav"]
[Black "Moksh Amit Doshi"]
[WhiteFideId "13504398"]
[BlackFideId "25064967"]
[WhiteElo "2573"]
[BlackElo "2245"]
[Result "1/2-1/2"]
[Round "03"]
[TimeControl "180+1"]
[Date "2021.09.21"]
[WhiteClock "0:00:30"]
[BlackClock "0:01:05"]

1. e4 e5 2. Nf3 Nc6 3. Bb5 a6 4. Ba4 Nf6 5. O-O Be7 6. d3 b5 7. Bb3 d6 8. a3 O-O 9. Nc3 Na5 10. Ba2 Be6 11. b4 Bxa2 12. Rxa2 Nc6 13. Bg5 Ng4 14. Bd2 Nf6 15. h3 Qd7 16. Nd5 Nxd5 17. exd5 Na7 18. a4 c6 19. axb5 axb5 20. Qa1 cxd5 21. Be3 d4 22. Nxd4 exd4 23. Bxd4 Bf6 24. Bxf6 gxf6 25. Re1 d5 26. Qxf6 Rae8 27. Qg5+ Kh8 28. Qf6+ Kg8 29. Rea1 Nc6 30. Qg5+ Kh8 31. Qf6+ Kg8 32. Qg5+ Kh8 33. Qf6+ Kg8 1/2-1/2


[Site "https://www.chess.com"]

[Event "Titled Tuesday Blitz September 21 2021"]
[White "Kozak, Adam"]
[Black "Manukyan, Sargis A."]
[WhiteFideId "753246"]
[BlackFideId "13303970"]
[WhiteElo "2448"]
[BlackElo "2187"]
[Result "1-0"]
[Round "03"]
[TimeControl "180+1"]
[Date "2021.09.21"]
[WhiteClock "0:00:28"]
[BlackClock "0:00:05"]

1. Nf3 d5 2. c4 e6 3. g3 Nf6 4. Bg2 Be7 5. O-O O-O 6. d4 dxc4 7. Ne5 Nc6 8. Bxc6 bxc6 9. Nxc6 Qe8 10. Nxe7+ Qxe7 11. Qc2 c5 12. dxc5 Qxc5 13. Be3 Qc6 14. Nd2 Bb7 15. f3 Ng4 16. Bd4 Rfd8 17. Bf2 Ne5 18. Rfd1 Rd7 19. Qc3 f6 20. Ne4 Rad8 21. Rxd7 Rxd7 22. Nc5 Rd3 23. Qb4 Ba8 24. Nxe6 Kf7 25. Qc5 Nxf3+ 26. Kf1 Nxh2+ 27. Ke1 Qh1+ 28. Bg1 Qg2 29. Qf2 Qxf2+ 30. Bxf2 Nf3+ 31. Kf1 Rd2 32. Nc7 Nh2+ 33. Kg1 Be4 34. Kxh2 Rxe2 35. Kg1 Rxb2 36. a4 Bd3 37. Nb5 Rc2 38. Bxa7 h5 39. Bf2 Be4 40. a5 g5 41. Nd6+ Ke6 42. Nxe4 Re2 43. Nc5+ Kd5 44. a6 1-0


[Site "https://www.chess.com"]